 Dungeon Crawl Stone Soup version 0.30-a0-134-gb40fab5c76 (webtiles) character file.

Game seed: 6809765276070209552

141603 scionoferis the Executioner (level 18, -24/156 (157) HPs)
             Began as a Meteoran Berserker on Sept 19, 2022.
             Was an Elder of Trog.
             Blown up by an orb spider (67 damage)
             ... with an orb of destruction
             ... on level 2 of the Spider Nest.
             The game lasted 01:42:10 (10078 turns).

scionoferis the Executioner (Meteoran Berserker)   Turns: 10078, Time: 01:42:11

HP:   -24/156 (157) AC: 31    Str: 45    XL:     18   Next: 22%
MP:   17/17         EV: 17    Int:  6    God:    Trog [****..]
Gold: 1137          SH: 11    Dex: 17    Spells: 17/17 levels left

rFire   . . .      SeeInvis .    a - +9 broad axe (vorpal)
rCold   x . .      Faith    .    U - +0 buckler
rNeg    + . .      Spirit   .    Q - +1 crystal plate armour of the Skies Above {rCorr Str+5}
rPois   +          Reflect  +    (no helmet)
rElec   .          Harm     .    I - +2 ratskin cloak {*Rats rPois rN+ Str-1 Int-1 Dex+1}
rCorr   +          Rampage  .    H - +0 pair of gloves of Tempters {rC- Will++ Str+5}
Will    ++++.                    (no boots)
Stlth   ..........               d - amulet of reflection
HPRegen 0.36/turn                L - +6 ring of strength
MPRegen 0.15/turn                p - +4 ring of evasion

@: glowing, studying Shields, lightly drained, unable to drink
A: sense surroundings 3, otherworldly, glowing, explore regen, low MP 1, strong
1, inability to drink after injury 1
}: 1/15 runes: decaying
a: Renounce Religion, Berserk, Trog's Hand, Brothers in Arms


You were on level 2 of the Spider Nest.
You worshipped Trog.
Trog was greatly pleased with you.
You visited 5 branches of the dungeon, and saw 23 of its levels.

You collected 1205 gold pieces.
You spent 68 gold pieces at shops.

Inventory:

Hand Weapons
 a - a +9 vorpal broad axe (weapon)
 f - a +2 flail of protection
 j - the +14 obsidian axe {vorpal, Mesm Drain Fly SInv}
   (You found it on level 2 of the Swamp)

   It inflicts extra damage upon your enemies.
   It occasionally summons demons to assist the wielder when it strikes in
   combat.
   Its wielder is mesmerised by any visible foes.
   It cannot be unequipped while any foes are visible.
   SInv:      It lets you see invisible.
   Fly:       It grants you flight.
   Drain:     It drains your maximum health when unequipped.
 l - a +0 sling
 X - a +3 vorpal battleaxe
Missiles
 g - 4 silver javelins
 y - 2 javelins
 D - 6 boomerangs (quivered)
 G - 2 silver boomerangs
 P - 2 throwing nets
 V - 11 curare-tipped darts
Armour
 H - the +0 pair of gloves of Tempters (worn) {rC- Will++ Str+5}
   (You found it on level 3 of the Swamp)

   Str:       It affects your strength (+5).
   rC:        It makes you vulnerable to cold.
   Will:      It greatly increases your willpower.
 I - the +2 ratskin cloak (worn) {*Rats rPois rN+ Str-1 Int-1 Dex+1}
   (You found it on level 6 of the Dungeon)

   When the wearer is hurt, rats may emerge from it to assist them.
   Str:       It affects your strength (-1).
   Int:       It affects your intelligence (-1).
   Dex:       It affects your dexterity (+1).
   rPois:     It protects you from poison.
   rN:        It protects you from negative energy.
 Q - the +1 crystal plate armour of the Skies Above (worn) {rCorr Str+5}
   (You acquired it on level 9 of the Dungeon)

   Str:       It affects your strength (+5).
   rCorr:     It protects you from acid and corrosion.
 U - a +0 buckler (worn)
Jewellery
 d - an amulet of reflection (around neck)
 p - a +4 ring of evasion (right hand)
 q - the ring "Kium" {rN++ Int+6}
   (You found it on level 2 of the Lair of Beasts)

   [ring of intelligence]

   Int:       It affects your intelligence (+6).
   rN:        It greatly protects you from negative energy.
 t - a ring of poison resistance
 v - a ring of fire
 w - a ring of protection from fire
 J - a ring of see invisible
 L - a +6 ring of strength (left hand)
 N - a ring of flight
Wands
 i - a wand of iceblast (26)
 x - a wand of digging (4)
 z - a wand of acid (3)
 E - a wand of mindburst (6)
 T - a wand of charming (22)
Scrolls
 c - a scroll of silence
 k - a scroll of immolation
 o - 3 scrolls of fog
 s - 2 scrolls of magic mapping
 u - 3 scrolls of poison
 A - 6 scrolls of teleportation
 B - a scroll of summoning
 C - 4 scrolls of enchant armour
 S - a scroll of brand weapon
 Y - a scroll of fear
Potions
 e - a potion of mutation
 m - 2 potions of cancellation
 n - 2 potions of might
 r - 2 potions of berserk rage {unknown}
 F - a potion of curing
 M - a potion of ambrosia {unknown}
 O - 2 potions of haste {unknown}
Miscellaneous
 W - a phantom mirror
 Z - a phial of floods


   Skills:
 + Level 13.0 Fighting
 * Level 22.8 Axes
 + Level 17.4 Armour
 + Level 10.8 Dodging
 + Level 7.3 Shields
 - Level 12.0 Evocations


You had 17 spell levels left.
You didn't know any spells.
Your spell library was empty.

Dungeon Overview and Level Annotations

Branches:
Dungeon (9/15) Zot: 428    Temple (0/1) D:6            Lair (5/5) D:9 Zot: 574
  Swamp (4/4) Lair:3 Zot: 446  Spider (2/4) Lair:2 Zot: 688   Slime (3/5) Lair:5 Zot: 1670
    Orc: D:9-12

Altars:
Cheibriados
Gozag
Kikubaaqudgha
Qazlal
Ru
Sif Muna
Vehumet
Wu Jian
Xom
Zin
Jiyva

Shops:
D:7 *   D:8 :

Annotations:
Lair:2 exclusion: oklob plant


Innate Abilities, Weirdness & Mutations

You passively map a large area around you.
You are easily found by Zot.
You glow in the dark.
You regain HP and MP as you explore.
Your magical capacity is low. (-10% MP)
Your muscles are strong. (Str +4, Int/Dex -1)
You occasionally lose the ability to drink potions when taking damage.


Message History

The tarantella attacks as you move away!
The tarantella touches you.
You are confused.
The tarantella attacks as you move away!
The tarantella closely misses you. x2
The tarantella touches you but does no damage.
You see here a tarantella corpse.
The tarantella touches you.
The tarantella touches you but does no damage. x4
The tarantella touches you but does no damage.
There is a stone staircase leading up, spattered with blood here.
The tarantella touches you but does no damage.
The tarantella touches you.
* * * LOW HITPOINT WARNING * * *
The orb spider begins to weave its threads into a brightly glowing ball.
The tarantella touches you!
* * * LOW HITPOINT WARNING * * *
You are more confused.
The tarantella touches you but does no damage.
In your confused state, you trip and fall back down the stairs.
* * * LOW HITPOINT WARNING * * *
The tarantella barely misses you.
The tarantella touches you but does no damage.
Unknown command.
You feel better. The tarantella touches you.
* * * LOW HITPOINT WARNING * * *
You are confused.
The tarantella completely misses you.
The orb spider weaves a glowing orb of energy.
The tarantella touches you but does no damage.
The tarantella touches you!
* * * LOW HITPOINT WARNING * * *
An orb of destruction comes into view.
You feel better. The tarantella misses you. You block the tarantella's attack.
The orb spider begins to weave its threads into a brightly glowing ball.
Unknown command.
You block the tarantella's attack. The tarantella closely misses you.
The orb of destruction hits you!!!
You feel threatened and lose the ability to drink potions!
You die...

.#................, ,
##........^...... , , *
#................ *####
#^...........######...#*
#.!..........††#......#.
, *
,........††..s..........
...^.#^?...°†.........,
* ,..##
##..†..○○†.>.....,, * s
#..†.^.s@#....# *, ,
##.....s##.#### ,,
*######..# # , #...# ,
,,##### , , ,, * * , ,
,,, , ,** , ,, , * * ,
,,, , *


You could see an orb spider (charged) and 2 tarantellas.

Vanquished Creatures
  Nikola (Swamp:1)
  A bone dragon (Swamp:4)
  A tentacled monstrosity (Swamp:1)
  A thorn hunter (Swamp:4)
  3 fenstrider witches
  2 rockslimes
  A ghost moth (Spider:1)
  The ghost of jejorda2 the Blocker, an adept TeBe of Trog (Swamp:3)
  A quicksilver ooze (Slime:1)
  4 bunyips
  2 eleionomae
  An entropy weaver (Spider:1)
  A shambling mangrove (Swamp:3)
  A great orb of eyes (Slime:1)
  A catoblepas (Lair:1)
  10 hydras
  A jorogumo (Spider:2)
  A merfolk avatar (Lair:5)
  A radroach (Spider:2)
  6 boulder beetles
  14 alligators
  11 death yaks
  Nergalle (Lair:2)
  5 goliath frogs
  3 pharaoh ants (Spider:1)
  A sun moth (Spider:1)
  4 spriggan druids
  6 bog bodies
  2 spectral hydras (Swamp:4)
  4 orb spiders
  6 swamp dragons
  2 lindwurms (Lair:2)
  3 phantasmal warriors (Swamp:4)
  5 wolf spiders
  3 will-o-the-wisps
  2 manticores (Lair:5)
  7 elephants
  4 black mambas
  The ghost of sirJeffrey23 the Ruffian, a novice DrMo (D:4)
  10 cane toads
  4 torpor snails
  9 komodo dragons
  A rime drake (Lair:5)
  3 swamp worm zombies (Swamp:4)
  A kobold demonologist (D:8)
  3 demonic crawlers
  3 hydra zombies (Swamp:4)
  9 tyrant leeches
  A bloated husk (Swamp:4)
  10 slime creatures
  9 tarantellas
  9 hornets
  2 polar bears
  3 spectral swamp dragons (Swamp:4)
  4 alligator zombies (Swamp:4)
  10 blink frogs
  10 dream sheep
  15 jumping spiders
  2 snapping turtles (Lair:5)
  4 spriggans
  Sigmund (D:3)
  4 wyverns
  4 culicivoras
  31 yaks
  3 basilisks
  3 steam dragons (Lair:5)
  19 redbacks
  4 vampire mosquitoes (Swamp:4)
  17 swamp worms
  9 water moccasins
  4 ice beasts
  2 orc warriors
  2 swamp drakes
  2 sky beasts
  4 black bears
  4 swamp dragon zombies (Swamp:4)
  19 wolves
  An ogre (D:4)
  2 centaurs
  5 phantoms
  7 kobold brigands
  8 bullfrogs
  A necrophage (D:4)
  A gnoll sergeant (D:7)
  2 scorpions
  A wyvern zombie (D:4)
  3 wights (D:9)
  18 killer bees
  4 howler monkeys
  2 electric eels (Lair:3)
  3 lava snakes (Lair:2)
  2 centaur zombies (D:4)
  4 crimson imps (D:8)
  A bullfrog zombie (D:4)
  Crazy Yiuf (D:6)
  4 jellies
  5 orc priests
  A hound (D:4)
  3 iguanas
  7 orc wizards
  A spectral swamp drake (Swamp:4)
  3 gnolls (D:7)
  12 adders
  2 swamp drake zombies (Swamp:4)
  4 shadow imps
  4 ufetubi
  35 orcs
  5 ball pythons
  8 endoplasms
  A giant cockroach (D:1)
  3 goblins
  4 hobgoblins
  7 jackals
  45 kobolds
  3 quokkas
  3 bats
  11 kobold skeletons (D:8)
  7 kobold zombies (D:8)
  5 rats
628 creatures vanquished.

Vanquished Creatures (collateral kills)
  A tentacled monstrosity (Swamp:3)
  An acid blob (Slime:1)
  The ghost of Deodd the Tortoise, an adept GrFi of Okawaru (Swamp:2)
  2 eleionomae (Swamp:2)
  A shambling mangrove (Swamp:1)
  A hydra (Swamp:1)
  A wolf spider (Spider:2)
  3 will-o-the-wisps
  A shining eye (Slime:1)
  A demonic crawler (Spider:1)
  3 hornets
  A slime creature (Slime:1)
  A blink frog (Lair:2)
  4 spriggans
  2 vampire mosquitoes (Swamp:2)
  2 orcs (D:6)
26 creatures vanquished.

Vanquished Creatures (others)
  A radroach (Spider:2)
  4 bloated husks
  2 phantoms (Swamp:4)
  An endoplasm (Lair:5)
  A bush (Lair:3)
  16 foxfires
  20 fungi
  34 plants
79 creatures vanquished.

Grand Total: 733 creatures vanquished

Notes
Turn   | Place    | Note
-------+----------+-------------------------------------------
     0 | D:1      | scionoferis the Meteoran Berserker began the quest for the
                  | Orb.
     0 | D:1      | Reached XP level 1. HP: 19/19 MP: 2/2
    29 | D:1      | Reached skill level 4 in Axes
    29 | D:1      | Reached XP level 2. HP: 16/26 MP: 3/3
   268 | D:1      | Found a faded altar of an unknown god.
   409 | D:2      | Reached XP level 3. HP: 32/33 MP: 4/4
   478 | D:2      | Reached XP level 4. HP: 39/40 MP: 5/5
   596 | D:2      | Reached skill level 5 in Axes
   625 | D:2      | Found a shimmering blue altar of Sif Muna.
   706 | D:2      | Reached ** piety under Trog
   775 | D:2      | Reached XP level 5. HP: 46/46 MP: 6/6
  1033 | D:1      | You fall into a shaft and drop 1 floor!
  1375 | D:3      | Reached skill level 6 in Axes
  1376 | D:3      | Reached XP level 6. HP: 33/53 MP: 7/7
  1456 | D:3      | Noticed Sigmund
  1474 | D:3      | Killed Sigmund
  1475 | D:3      | Reached skill level 5 in Fighting
  1475 | D:3      | Reached skill level 7 in Axes
  1475 | D:3      | Reached XP level 7. HP: 61/61 MP: 8/8
  1562 | D:3      | Found a snail-covered altar of Cheibriados.
  1625 | D:4      | Found a transporter.
  1641 | D:4      | Noticed sirJeffrey23's ghost (novice DrMo)
  1660 | D:4      | Found a transporter.
  1685 | D:4      | Reached skill level 8 in Axes
  1804 | D:4      | Reached XP level 8. HP: 70/70 MP: 9/9
  2108 | D:4      | Killed sirJeffrey23's ghost
  2109 | D:4      | Reached skill level 9 in Axes
  2177 | D:4      | Gained mutation: You passively map the area around you.
                  | [Meteoran growth]
  2177 | D:4      | Reached XP level 9. HP: 71/78 MP: 10/10
  2203 | D:4      | Reached skill level 10 in Axes
  2216 | D:5      | Entered Level 5 of the Dungeon
  2272 | D:5      | Reached skill level 5 in Armour
  2362 | D:5      | Reached *** piety under Trog
  2505 | D:5      | Reached skill level 11 in Axes
  2562 | D:5      | Found an opulent altar of Gozag.
  2683 | D:6      | Found the +2 ratskin cloak {*Rats rPois rN+ Str-1 Int-1
                  | Dex+1}
  2704 | D:6      | Found a staircase to the Ecumenical Temple.
  2726 | D:6      | You fall into a shaft and drop 2 floors!
  2782 | D:8      | Found Vaor's Self-Improvement Boutique.
  3029 | D:6      | Found a runed translucent door.
  3030 | D:6      | Noticed Crazy Yiuf
  3036 | D:6      | Killed Crazy Yiuf
  3120 | D:6      | Reached XP level 10. HP: 88/88 MP: 11/11
  3428 | D:7      | Reached **** piety under Trog
  3443 | D:7      | Reached skill level 12 in Axes
  3487 | D:7      | Found Liakhof's Assorted Antiques.
  3487 | D:7      | Found a shimmering blue altar of Sif Muna.
  3502 | D:7      | Found a radiant altar of Vehumet.
  3506 | D:7      | Paralysed by a hornet for 1 turns
  3551 | D:7      | Found a sacrificial altar of Ru.
  3551 | D:7      | Found an ornate altar of the Wu Jian Council.
  3552 | D:7      | Bought a scroll labelled SIOFUYRCHYTHE for 34 gold pieces
  3552 | D:7      | Bought a scroll labelled ZUBUOT ICSIJ for 34 gold pieces
  3716 | D:7      | Reached skill level 1 in Shields
  3716 | D:7      | Reached skill level 1 in Evocations
  3881 | D:8      | Found a shimmering altar of Xom.
  3959 | D:8      | Reached skill level 13 in Axes
  4018 | D:8      | Reached XP level 11. HP: 92/95 MP: 12/12
  4129 | D:8      | Found an ancient bone altar of Kikubaaqudgha.
  4143 | D:8      | Reached ***** piety under Trog
  4185 | D:8      | Received a gift from Trog
  4338 | D:9      | Identified a scroll of acquirement
  4338 | D:9      | Acquired the +1 crystal plate armour of the Skies Above
                  | {rCorr Str+5}
  4661 | D:9      | Found a stormy altar of Qazlal.
  4734 | D:9      | Found a staircase to the Lair.
  4901 | Lair:1   | Entered Level 1 of the Lair of Beasts
  4901 | Lair:1   | Noticed a black mamba
  4905 | Lair:1   | Killed a black mamba
  4940 | Lair:1   | Reached skill level 5 in Dodging
  4959 | Lair:1   | Noticed a torpor snail
  4970 | Lair:1   | Reached skill level 14 in Axes
  4974 | Lair:1   | Killed a torpor snail
  5022 | Lair:1   | Reached XP level 12. HP: 90/105 MP: 13/13
  5049 | Lair:1   | Noticed a catoblepas
  5059 | Lair:1   | Killed a catoblepas
  5060 | Lair:1   | Reached skill level 5 in Shields
  5088 | Lair:1   | Reached skill level 5 in Evocations
  5104 | Lair:2   | Found a runed translucent door.
  5121 | Lair:2   | Reached skill level 10 in Armour
  5121 | Lair:2   | Found a glowing silver altar of Zin.
  5201 | Lair:2   | Found a hole to the Spider Nest.
  5329 | Lair:2   | Identified the +3 whip "Killer Klown's Foe" {chaos, Dex+3}
  5329 | Lair:2   | Noticed Nergalle
  5352 | Lair:2   | Killed Nergalle
  5353 | Lair:2   | Reached skill level 10 in Fighting
  5367 | Lair:2   | Found a runed translucent gate.
  5367 | Lair:2   | Found a runed translucent gate.
  5367 | Lair:2   | Identified the -2 hat "Ogum" {*Slow rCorr Int-5 Stlth+}
  5367 | Lair:2   | Noticed a boulder beetle
  5367 | Lair:2   | Found a runed translucent gate.
  5367 | Lair:2   | Found a runed translucent gate.
  5367 | Lair:2   | Found a runed translucent gate.
  5367 | Lair:2   | Found a runed translucent gate.
  5367 | Lair:2   | Noticed a lindwurm
  5367 | Lair:2   | Noticed a boulder beetle
  5367 | Lair:2   | Noticed a lindwurm
  5367 | Lair:2   | Noticed a boulder beetle
  5380 | Lair:2   | Killed a boulder beetle
  5381 | Lair:2   | Reached skill level 15 in Axes
  5384 | Lair:2   | Killed a boulder beetle
  5403 | Lair:2   | Killed a boulder beetle
  5419 | Lair:2   | Killed a lindwurm
  5420 | Lair:2   | Killed a lindwurm
  5440 | Lair:2   | Identified the ring "Kium" {rN++ Int+6}
  5533 | Lair:2   | Reached XP level 13. HP: 100/113 MP: 14/14
  5808 | Lair:3   | Reached skill level 16 in Axes
  5992 | Lair:3   | Found a staircase to the Swamp.
  6149 | Lair:3   | Noticed a death yak
  6151 | Lair:3   | Noticed a death yak
  6158 | Lair:3   | Killed a death yak
  6162 | Lair:3   | Noticed a death yak
  6168 | Lair:3   | Killed a death yak
  6168 | Lair:3   | Noticed a death yak
  6172 | Lair:3   | Noticed an eight-headed hydra
  6174 | Lair:3   | Killed a death yak
  6175 | Lair:3   | Reached skill level 17 in Axes
  6177 | Lair:3   | Noticed a death yak
  6199 | Lair:3   | Killed an eight-headed hydra
  6207 | Lair:3   | Killed a death yak
  6210 | Lair:3   | Killed a death yak
  6211 | Lair:3   | Reached XP level 14. HP: 99/121 MP: 15/15
  6470 | Lair:5   | Entered Level 5 of the Lair of Beasts
  6634 | Lair:5   | Reached skill level 18 in Axes
  6683 | Lair:5   | Reached skill level 15 in Armour
  6751 | Lair:5   | Reached skill level 10 in Evocations
  6773 | Lair:5   | Received a gift from Trog
  6840 | Lair:5   | Found a viscous altar of Jiyva.
  6840 | Lair:5   | Found a staircase to the Slime Pits.
  7012 | Slime:1  | Entered Level 1 of the Pits of Slime
  7015 | Slime:1  | Noticed a rockslime
  7024 | Slime:1  | Killed a rockslime
  7037 | Slime:1  | Noticed a quicksilver ooze
  7039 | Slime:1  | Reached skill level 19 in Axes
  7044 | Slime:1  | Killed a quicksilver ooze
  7045 | Slime:1  | Reached XP level 15. HP: 110/126 MP: 13/16
  7055 | Slime:1  | Gained mutation: Your system is resistant to poisons.
                  | (rPois) [a shining eye]
  7070 | Slime:1  | Noticed an acid blob
  7074 | Slime:1  | Killed an acid blob
  7093 | Slime:2  | Noticed a rockslime
  7105 | Slime:2  | Killed a rockslime
  7113 | Slime:3  | Noticed a rockslime
  7433 | Swamp:1  | Entered Level 1 of the Swamp
  7460 | Swamp:1  | Lost mutation: Your system is resistant to poisons. (rPois)
                  | [potion of mutation]
  7460 | Swamp:1  | Gained mutation: You are frail. (-10% HP) [potion of
                  | mutation]
  7460 | Swamp:1  | Gained mutation: Your magical capacity is low. (-10% MP)
                  | [potion of mutation]
  7461 | Swamp:1  | Lost mutation: Your magical capacity is low. (-10% MP)
                  | [potion of mutation]
  7461 | Swamp:1  | Lost mutation: You are frail. (-10% HP) [potion of
                  | mutation]
  7461 | Swamp:1  | Gained mutation: Your muscles are strong. (Str +4, Int/Dex
                  | -1) [potion of mutation]
  7461 | Swamp:1  | Gained mutation: You occasionally lose the ability to drink
                  | potions when taking damage. [potion of mutation]
  7461 | Swamp:1  | Gained mutation: Your magical capacity is low. (-10% MP)
                  | [potion of mutation]
  7518 | Swamp:1  | Noticed a tentacled monstrosity
  7524 | Swamp:1  | Killed a tentacled monstrosity
  7677 | Swamp:1  | Noticed Nikola
  7693 | Swamp:1  | Reached skill level 20 in Axes
  7702 | Swamp:1  | Killed Nikola
  7852 | Swamp:2  | Reached XP level 16. HP: 36/136 MP: 15/15
  7973 | Swamp:2  | Found a runed translucent gate.
  7973 | Swamp:2  | Found a runed translucent gate.
  7973 | Swamp:2  | Found a runed translucent gate.
  7974 | Swamp:2  | Noticed Deodd's ghost (adept GrFi)
  7975 | Swamp:2  | Found the +14 obsidian axe {vorpal, Mesm Drain Fly SInv}
  7997 | Swamp:2  | Killed Deodd's ghost
  8190 | Swamp:2  | Noticed a fenstrider witch
  8199 | Swamp:2  | Killed a fenstrider witch
  8296 | Swamp:3  | Reached skill level 21 in Axes
  8323 | Swamp:3  | Found a runed translucent gate.
  8334 | Swamp:3  | Found a runed translucent gate.
  8334 | Swamp:3  | Noticed jejorda2's ghost (adept TeBe)
  8336 | Swamp:3  | Found a runed translucent gate.
  8338 | Swamp:3  | Found the +13 scythe of Curses {drain, Drain}
  8433 | Swamp:3  | Noticed a fenstrider witch
  8438 | Swamp:3  | Killed a fenstrider witch
  8507 | Swamp:3  | Noticed a tentacled monstrosity
  8515 | Swamp:3  | Killed a tentacled monstrosity
  8606 | Swamp:4  | Entered Level 4 of the Swamp
  8659 | Swamp:4  | Reached XP level 17. HP: 128/146 MP: 16/16
  8686 | Swamp:4  | Received a gift from Trog
  8845 | Swamp:4  | Noticed a bone dragon
  8867 | Swamp:4  | Killed a bone dragon
  8880 | Swamp:4  | Got a decaying rune of Zot
  8980 | Swamp:4  | Noticed a thorn hunter
  8997 | Swamp:4  | Killed a thorn hunter
  9072 | Swamp:4  | Noticed a fenstrider witch
  9089 | Swamp:4  | Killed a fenstrider witch
  9090 | Swamp:4  | Reached skill level 22 in Axes
  9090 | Swamp:4  | HP: 6/148 [alligator (14)]
  9249 | Swamp:4  | Reached skill level 10 in Dodging
  9379 | Swamp:3  | Killed jejorda2's ghost
  9385 | Swamp:3  | Identified the +0 pair of gloves of Tempters {rC- Will++
                  | Str+5}
  9389 | Swamp:3  | Identified the +7 scimitar "Uwosh" {flame, Int+4}
  9540 | Spider:1 | Entered Level 1 of the Spider Nest
  9654 | Spider:1 | Acquired a manual of Shields
  9885 | Spider:1 | Gained mutation: You passively map a large area around you.
                  | [Meteoran growth]
  9885 | Spider:1 | Reached XP level 18. HP: 32/156 MP: 17/17
 10078 | Spider:2 | Blown up by an orb spider

Illustrated notes

Levels and vault maps discovered:
D:1:      psy_arrival_whirlpool, layout_rooms, shapermc_ecumenical_altar_ellora,
          chequers_serial_rivers_small_b
D:2:      layout_basic, basic_altar
D:3:      layout_loops_ring, general_overflow_altar, minmay_stone_trees_medium,
          uniq_sigmund
D:4:      layout_basic, gammafunk_ghost_mausoleum
D:5:      layout_rooms, grunt_gozag_breadcrumbs, moated_statue,
          chequers_serial_rivers_micro_b, kennysheep_generic_room_14
D:6:      layout_rooms, minmay_temple_entry_glass, uniq_crazy_yiuf_cottage
D:7:      layout_basic, grunt_temple_overflow_open, serial_shops, shop,
          the_hattery
D:8:      wander_kiku_kobolds, layout_loops_ring, led_xom_imps,
          minmay_misc_feat_secret_circle, nicolae_shop_self_help
D:9:      layout_layer_cave, mainiacjoe_overflow_cross_hatched, lair_entry_dummy
Lair:1:   layout_chaotic_city, serial_bayou_pond_e,
          chequers_serial_rivers_small_a
Lair:2:   gammafunk_indiana_jones, layout_regular_city,
          spider_nest_entry_web_field, lemuel_oklob_altar, uniq_nergalle
Lair:3:   layout_gridlike, nicolae_swamp_entry_splash_gauntlet,
          cheibrodos_lair_reptile_den
Lair:4:   layout_roguey, serial_bayou_shore_a
Lair:5:   gammafunk_lair_ancient_temple, layout_long_grid,
          nicolae_slime_entry_slimehenge, chequers_serial_rivers_small_b
Swamp:1:  layout_basic_swamp, evilmike_swamp_ruin_house_1, swamp_pool4,
          uniq_nikola
Swamp:2:  layout_basic_swamp, ebering_ghost_rock_garden, hangedman_swamp_lotus
Swamp:3:  nicolae_swamp_decorative_isthmus, layout_basic_swamp,
          gammafunk_ghost_hydra_chop, evilmike_swamp_ruin_house_5,
          nicolae_swamp_little_tower, infiniplex_staircase_pool
Swamp:4:  swamp_pestilence, layout_basic_swamp
Spider:1: layout_spider_delve
Spider:2: layout_spider_delve
Slime:1:  layout_caves
Slime:2:  layout_caves, uniq_dissolution
Slime:3:  layout_caves

Skill      XL: |  1  2  3  4  5  6  7  8  9 10 11 12 13 14 15 16 17 18 |
---------------+-------------------------------------------------------+-----
Axes           | 4 5 6 7 8 9 11 13 14 15 17 19 20 21 22 | 22.8
Fighting       | 4 5 6 7 8 9 10 11 12 13 | 13.0
Armour         | 4 6 7 9 11 13 15 16 17 | 17.4
Shields        | 2 4 5 6 7 |  7.3
Evocations     | 2 4 6 8 10 12 | 12.0
Dodging        | 3 5 7 9 10 | 10.8

Action                   |  1- 3 |  4- 6 |  7- 9 | 10-12 | 13-15 | 16-18 || total
-------------------------+-------+-------+-------+-------+-------+-------++-------
Melee: Hand axe          |    45 |   124 |    62 |       |       |       ||   231
       Punch             |     1 |     2 |     3 |     1 |       |       ||     7
       Flail             |       |       |   255 |   343 |    20 |    54 ||   672
       Broad axe         |       |       |       |   211 |   507 |   472 ||  1190
Throw: Dart              |       |       |       |     4 |       |       ||     4
       Boomerang         |       |       |       |       |     5 |       ||     5
       Javelin           |       |       |       |       |     2 |       ||     2
Invok: Trog's Hand       |       |     1 |     3 |     6 |     2 |     7 ||    19
       Berserk           |       |     1 |     2 |     6 |     2 |     3 ||    14
       Brothers in Arms  |       |       |       |     1 |     3 |     7 ||    11
Evoke: Wand              |       |       |       |       |     2 |    20 ||    22
       Phial of floods   |       |       |       |       |     1 |       ||     1
       Phantom mirror    |       |       |       |       |       |     1 ||     1
  Use: Scroll            |       |     4 |     2 |     9 |     4 |     9 ||    28
       Potion            |       |       |       |     3 |     3 |    15 ||    21
 Stab: Held in net/web   |       |       |       |     1 |       |       ||     1
       Distracted        |       |       |       |       |       |     1 ||     1
Armor: Animal skin       |     9 |    44 |       |       |       |       ||    53
       Ring mail         |       |       |   163 |    34 |       |       ||   197
       Chain mail        |       |       |       |    87 |       |       ||    87
       Crystal plate arm |       |       |       |    83 |   242 |   441 ||   766
Dodge: Dodged            |    21 |    66 |   210 |   194 |   141 |   266 ||   898
Block: Other             |     5 |    34 |    77 |    20 |       |       ||   136
       Reflection        |       |     2 |     2 |    13 |     3 |     7 ||    27
       Buckler           |       |       |       |   191 |   200 |   277 ||   668

Table legend: (Time is in decaauts)
 A = Elapsed time spent in this place.
 B = Non-inter-level travel time spent in this place.
 C = Inter-level travel time spent in this place.
 D = Time resting spent in this place.
 E = Time spent auto-exploring this place.
 F = Levels seen in this place.
 G = Mean time per level.
                   A        B        C        D        E       F      G
               +--------+--------+--------+--------+--------+-----+--------+
         Total |   9991 |   9465 |    526 |     53 |      0 |  23 |  434.4 |
       Dungeon |   4971 |   4779 |    192 |      0 |      0 |   9 |  552.3 |
          Lair |   2425 |   2264 |    161 |      0 |      0 |   5 |  485.0 |
         Swamp |   1953 |   1822 |    131 |     53 |      0 |   4 |  488.2 |
   Spider Nest |    510 |    469 |     41 |      0 |      0 |   2 |  255.0 |
    Slime Pits |    129 |    129 |      0 |      0 |      0 |   3 |   43.0 |
               +--------+--------+--------+--------+--------+-----+--------+

Top non-repeatable levels by time:
     D:7: 678 daAuts
     D:4: 674 daAuts
     D:2: 662 daAuts
     D:8: 655 daAuts
  Lair:3: 644 daAuts
  Lair:2: 607 daAuts
 Swamp:4: 606 daAuts
  Lair:5: 567 daAuts
     D:9: 551 daAuts
     D:3: 542 daAuts
 Swamp:3: 523 daAuts
     D:5: 451 daAuts
 Swamp:1: 412 daAuts
 Swamp:2: 410 daAuts
     D:1: 391 daAuts
